 Dungeon Crawl Stone Soup version 0.30.1-9-gdf580d7c3d (webtiles) character file.

Game seed: 10982932355647822020

84 monsoonserge the Slasher (level 4, 0/34 HPs)
             Began as a Demonspawn Warper on Oct 6, 2023.
             Slain by Terence
             ... wielding a +3 flail of protection
              (2 damage)
             ... on level 2 of the Dungeon.
             The game lasted 00:05:40 (1906 turns).

monsoonserge the Slasher (Demonspawn Warper)        Turns: 1906, Time: 00:05:40

Health: 0/34       AC:  3    Str: 11    XL:     4   Next: 23%
Magic:  4/7        EV: 26    Int: 16    God:
Gold:   101        SH:  0    Dex: 13    Spells: 5/7 levels left

rFire   + . .        s - +4 dagger (flame)
rCold   . . .        (no shield)
rNeg    . . .        b - +0 leather armour
rPois   .            (helmet restricted)
rElec   .            (no cloak)
rCorr   .            (no gloves)
SInv    .            (no boots)
Will    .....        o - amulet of the acrobat
Stlth   +            i - ring of protection from fire
HPRegen 0.25/turn    (no ring)
MPRegen 0.10/turn

%: acrobat
@: acrobatic, on blink cooldown
A: horns 1
a: no special abilities


You were on level 2 of the Dungeon.
You visited 1 branch of the dungeon, and saw 3 of its levels.

You collected 101 gold pieces.

Inventory:

Hand Weapons
 s - a +4 dagger of flaming (weapon)
Missiles
 d - 7 boomerangs of dispersal (quivered)
 q - 7 poisoned darts
Armour
 b - a +0 leather armour (worn)
Jewellery
 i - a ring of protection from fire (left hand)
 o - an amulet of the acrobat (around neck)
Scrolls
 c - a scroll of blinking
 f - a scroll of teleportation {unknown}
 g - 6 scrolls of identify {unknown}
 j - a scroll of fog {unknown}
 l - a scroll of magic mapping {unknown}
 n - a scroll of poison {unknown}
 p - a scroll of immolation {unknown}
 r - a scroll of enchant weapon {unknown}
Potions
 e - 2 potions of curing {unknown}
 h - a potion of degeneration {unknown}
 k - 2 potions of mutation {unknown}
 m - a potion of magic {unknown}


   Skills:
 + Level 2.6 Fighting
 - Level 3.0 Long Blades
 + Level 0.8 Throwing
 + Level 1.8 Armour
 + Level 2.0 Dodging
 + Level 0.2 Stealth
 - Level 2.0 Spellcasting
 * Level 2.8 Translocations


You had 5 spell levels left.
You knew the following spells:

 Your Spells              Type           Power      Damage    Failure   Level
a - Blink                 Tloc           20%        N/A       13%         2

Your spell library contained the following spells:

 Spells                   Type           Power      Damage    Failure   Level
 Lesser Beckoning         Tloc           20%        N/A       13%         2
 Teleport Other           Tloc           10%        N/A       26%         3
 Vhi's Electric Charge    Tloc/Air       12%        N/A       41%         3
 Dazzling Flash           Conj/Hex       2%         N/A       63%         3
 Manifold Assault         Tloc           10%        N/A       63%         4
 Agony                    Necr           1%         N/A       100%        5
 Silence                  Hex/Air        0%         N/A       100%        5


Dungeon Overview and Level Annotations

Branches:
Dungeon (3/15)

Altars:

Annotations:
D:2 Terence


Innate Abilities, Weirdness & Mutations

You have a pair of small horns on your head.


Message History

The giant cockroach barely misses you. The adder closely misses you.
You closely miss the adder.
You feel sick. The giant cockroach barely misses you.
The adder barely misses you.
You barely miss the adder.
You feel sick.
The giant cockroach bites you but does no damage.
The adder bites you.
You hit the adder. You burn the adder. Your headbutt misses the adder.
The adder is lightly wounded.
You feel sick.
You are no longer poisoned.
The giant cockroach bites you. The adder barely misses you.
You hit the adder. You burn the adder. Your headbutt misses the adder.
The adder is heavily wounded.
The giant cockroach closely misses you. The adder closely misses you.
The giant cockroach closely misses you.
You barely miss the adder.
The adder is heavily wounded.
The adder bites you. The giant cockroach closely misses you.
The adder completely misses you.
You miss the adder.
The adder is heavily wounded.
The giant cockroach bites you but does no damage.
The adder bites you.
* * * LOW HITPOINT WARNING * * *
Casting: Blink (safe; 13% risk of failure)
Confirm with . or Enter, or press ? or * to list all spells.
You blink.
You feel stable enough to blink again.
You hit Terence but do no damage. Your headbutt misses Terence.
Terence closely misses you. Terence attacks as you move away!
Terence hits you with a +3 flail of protection!
* * * LOW HITPOINT WARNING * * *
The giant cockroach completely misses you.
Casting: Blink (safe; 13% risk of failure)
Confirm with . or Enter, or press ? or * to list all spells.
You blink.
Terence completely misses you.
Terence hits you with a +3 flail of protection.
You die...

##### #...# #...#
#...# #####
#...## #...#
#>...# #...# ###
#..@.#
#...#####..
##.BS@#
#.........#
#..##.#
#..........
##.###.##
#...####### #..#
#..### #...# #
#.## ##..<# #...#
#### #.#
###@###...####...
##.#
#.#.@..........
#..#
#.#.########.##
##.## ##...#
#..[..#


You could see Terence, an adder and a giant cockroach.

Vanquished Creatures
  An adder (D:3)
  2 worms
  4 dart slugs
  2 orcs (D:3)
  3 endoplasms
  2 giant cockroaches
  6 goblins
  9 hobgoblins
  4 quokkas
  3 bats
  2 frilled lizards
  7 kobolds
  9 rats
54 creatures vanquished.

Notes
Turn   | Place    | Note
-------+----------+-------------------------------------------
     0 | D:1      | monsoonserge the Demonspawn Warper began the quest for the
                  | Orb.
     0 | D:1      | Reached XP level 1. HP: 16/16 MP: 3/3
   197 | D:1      | Reached skill level 2 in Long Blades
   197 | D:1      | Gained mutation: You have a pair of small horns on your
                  | head. [demonic ancestry]
   197 | D:1      | Reached XP level 2. HP: 22/22 MP: 5/5
   275 | D:1      | Reached skill level 1 in Armour
   684 | D:2      | Reached XP level 3. HP: 28/28 MP: 6/6
   968 | D:2      | Noticed Terence
  1002 | D:1      | Learned a level 2 spell: Blink
  1649 | D:3      | Reached XP level 4. HP: 28/34 MP: 7/7
  1831 | D:3      | Reached skill level 3 in Long Blades
  1902 | D:2      | HP: 1/34 [Terence/+3 flail of protection (8)]
  1906 | D:2      | Slain by Terence

Illustrated notes

Levels and vault maps discovered:
D:1:      dpeg_arrival_snail, layout_basic
D:2:      layout_rooms, uniq_terence
D:3:      corexii_shack_village, layout_loops_corners, serial_shops, shop,
          dreamdust_mushroom_princess

Skill      XL: |  1  2  3  4 |
---------------+-------------+-----
Long Blades    | 2 3 |  3.0
Armour         | 1 |  1.8
Dodging        | 2 |  2.0
Fighting       | |  2.6
Throwing       | |  0.8
Stealth        | |  0.2
Spellcasting   | |  2.0
Translocations | |  2.8

Action                     |  1- 3 |  4- 6 || total
---------------------------+-------+-------++-------
  Melee: Falchion          |   135 |     9 ||   144
         Headbutt          |    20 |     4 ||    24
         Punch             |     1 |       ||     1
         Dagger            |       |    27 ||    27
   Cast: Blink             |     1 |     3 ||     4
   Stab: Sleeping          |     2 |       ||     2
 Armour: Leather armour    |    29 |    12 ||    41
  Dodge: Dodged            |    73 |    33 ||   106
